 Dungeon Sprint DCSS version 0.31-a0-7-g51783674b7 (webtiles) character file.

Game seed: 9432248801603225373

13355 sircluck the Brawler (level 11, -7/124 HPs)
             Began as a Troll Berserker on May 5, 2023.
             Was the Champion of Trog.
             Mangled by a 14-headed hydra (10 damage)
             ... while paralysed by a floating eye
             ... in the Dungeon (Sprint I: "Red Sonja").
             The game lasted 00:07:22 (1532 turns).

sircluck the Brawler (Troll Berserker)              Turns: 1532, Time: 00:07:24

Health: -7/124     AC: 12    Str: 31    XL:     11   Next: 74%
Magic:  10/10      EV:  1    Int:  3    God:    Trog [******]
Gold:   1201       SH:  0    Dex:  9    Spells: 10/10 levels left

rFire   . .          .
                       - Unarmed
rCold   . . .        (no shield)
rNeg    . . .        q - quicksilver dragon scales
rPois   +            (helmet restricted)
rElec   .            (no cloak)
rCorr   .            (gloves unavailable)
SInv    .            (boots unavailable)
Will    ++...        t - amulet of regeneration
Stlth   +            p - ring of poison resistance
HPRegen 2.00/turn    (no ring)
MPRegen 0.12/turn

%: no teleportation, random rage (3%)
@: paralysed
A: large, unfitting armour, claws 3, regeneration 1, shaggy fur 1, tough skin 1,
berserk 1, strong-willed 1, screaming 1, subdued magic 2
a: Renounce Religion, Berserk, Trog's Hand, Brothers in Arms


You were in the Dungeon.
You worshipped Trog.
Trog was exalted by your worship.
You visited 1 branch You collected 1655 gold pieces.
You spent 454 gold pieces at shops.

Inventory:

Missiles
 u - 2 boomerangs (quivered)
 v - a stone
Armour
 a - a +0 animal skin
 q - quicksilver dragon scales (worn)
 s - a +0 cloak
Jewellery
 j - a +6 ring of intelligence
 p - a ring of poison resistance (left claw)
 t - an amulet of regeneration (around neck)
Wands
 h - a wand of flame (4)
 k - a wand of charming (11)
Scrolls
 g - a scroll of blinking
 i - a scroll of silence {unknown}
 l - a scroll of vulnerability {unknown}
 n - 3 scrolls of identify {unknown}
 r - a scroll of magic mapping {unknown}
Potions
 b - 7 potions of curing
 c - a potion of heal wounds
 d - a potion of haste
 e - 2 potions of magic
 f - a potion of berserk rage
 m - a potion of cancellation {unknown}
Miscellaneous
 o - a condenser vane


   Skills:
 + Level 12.5 Fighting
 + Level 4.0 Armour
 + Level 13.3 Dodging
 + Level 0.8 Stealth
 + Level 20.5 Unarmed Combat


You had 10 spell levels left.
You didn't know any spells.
Your spell library was empty.

Dungeon Overview and Level Annotations

Branches:
Dungeon (1/1)

Altars:
Cheibriados
Dithmenos
Elyvilon
Fedhas
Gozag
Hepliaklqana
Kikubaaqudgha
Makhleb
Nemelex Xobeh
Okawaru
Qazlal
Ru
Sif Muna
Trog
Uskayaw
Vehumet
Wu Jian
Xom
Yredelemnul
Zin
The Shining One
Jiyva
Lugonu

Shops:
D !*(=:([:=[*=:(*(*[*[(


Innate Abilities, Weirdness & Mutations

You are too large for most types of armour.
You have claws for hands.
Your natural rate of healing is unusually fast.
You are covered in fur. (AC +1)
You have tough skin. (AC +1)
You sometimes lose your temper in combat.
You are strong-willed. (Will+)
You occasionally shout uncontrollably at your foes.
Your spells are easier to cast, but less powerful.


Message History

The 13-headed hydra is heavily wounded.
The 13-headed hydra bites you!
The 13-headed hydra bites you but does no damage.
The 13-headed hydra barely misses you. The 13-headed hydra bites you.
The 13-headed hydra bites you! x2; The 13-headed hydra closely misses you.
The 13-headed hydra barely misses you.
The 13-headed hydra bites you but does no damage.
The 13-headed hydra bites you!
The 13-headed hydra bites you but does no damage. x2
The 13-headed hydra closely misses you.
You tear one of the 13-headed hydra's heads off!
The 12-headed hydra grows two more!
You eviscerate the 14-headed hydra!!!
The 14-headed hydra is almost dead.
The floating eye gazes piercingly through you!
You suddenly lose the ability to move!
The 14-headed hydra bites you! The 14-headed hydra bites you.
The 14-headed hydra bites you but does no damage.
The 14-headed hydra bites you. The 14-headed hydra bites you!
The 14-headed hydra bites you but does no damage.
The 14-headed hydra bites you. The 14-headed hydra bites you!
The 14-headed hydra bites you but does no damage.
The 14-headed hydra bites you. The 14-headed hydra bites you!
* * * LOW HITPOINT WARNING * * *
The 14-headed hydra bites you but does no damage. x2
The 14-headed hydra bites you.
* * * LOW HITPOINT WARNING * * *
The 14-headed hydra bites you.
* * * LOW HITPOINT WARNING * * *
The 14-headed hydra bites you.
* * * LOW HITPOINT WARNING * * *
The 14-headed hydra bites you!
* * * LOW HITPOINT WARNING * * *
The 14-headed hydra bites you but does no damage.
The 14-headed hydra bites you.
* * * LOW HITPOINT WARNING * * *
The 14-headed hydra bites you but does no damage. x2
The 14-headed hydra bites you.
* * * LOW HITPOINT WARNING * * *
The 14-headed hydra bites you!
You die...

#####################
..#§.#.§†.'§§.§§@DG$#
..##'#.####§§§§§##$.+
.)§..#§#.###§§§## ##
###)§'§#'#.###+#
.##'####...#y#
§#..☼°.#...###
.#...○.'.....#
'###°°°#.....#
.'.#...###++##


You could see a 14-headed hydra and a floating eye.

Vanquished Creatures
  A lorocyproca (D)
  2 centaur warriors (D)
  A deep troll (D)
  A lindwurm (D)
  A shining eye (D)
  An oklob plant (D)
  4 demonic crawlers (D)
  2 kobold demonologists (D)
  A gargoyle (D)
  2 unseen horrors (D)
  A hornet (D)
  Sigmund (D)
  A slime creature (D)
  A yak (D)
  13 hogs (D)
  2 redbacks (D)
  2 floating eyes (D)
  An ogre (D)
  7 necrophages (D)
  8 jellies (D)
  Ijyb (D)
54 creatures vanquished.

Vanquished Creatures (collateral kills)
  Sonja (D)
  7 shining eyes (D)
  4 floating eyes (D)
12 creatures vanquished.

Vanquished Creatures (others)
  2 ballistomycete spores (D)
2 creatures vanquished.

Grand Total: 68 creatures vanquished

Notes
Turn   | Place    | Note
-------+----------+-------------------------------------------
     0 | D        | sircluck the Troll Berserker began the quest for the Orb.
     0 | D        | Reached XP level 1. HP: 22/22 MP: 0/0
     1 | D        | Noticed Ijyb
     5 | D        | Killed Ijyb
     6 | D        | Reached skill level 4 in Unarmed Combat
     6 | D        | Reached XP level 2. HP: 31/31 MP: 1/1
    39 | D        | Noticed an ogre
    55 | D        | Killed an ogre
    56 | D        | Reached skill level 5 in Fighting
    56 | D        | Reached skill level 6 in Unarmed Combat
    56 | D        | Reached XP level 3. HP: 31/42 MP: 2/2
    56 | D        | Reached XP level 4. HP: 37/50 MP: 3/3
   103 | D        | Noticed Sigmund
   111 | D        | Killed Sigmund
   111 | D        | Reached ** piety under Trog
   112 | D        | Reached skill level 8 in Unarmed Combat
   112 | D        | Reached XP level 5. HP: 49/61 MP: 4/4
   112 | D        | Reached XP level 6. HP: 55/68 MP: 5/5
   137 | D        | Found an ornate altar of the Wu Jian Council.
   137 | D        | Found a shimmering blue altar of Sif Muna.
   139 | D        | Found a radiant altar of Vehumet.
   149 | D        | Noticed a centaur warrior
   181 | D        | Found Ziddoz's Jewellery Emporium.
   181 | D        | Found an ancient bone altar of Kikubaaqudgha.
   181 | D        | Found a hazy altar of Hepliaklqana.
   181 | D        | Found a stormy altar of Qazlal.
   181 | D        | Found a hide-covered altar of Uskayaw.
   181 | D        | Found a blossoming altar of Fedhas.
   181 | D        | Found a bloodstained altar of Trog.
   181 | D        | Found an iron altar of Okawaru.
   181 | D        | Found a basalt altar of Yredelemnul.
   181 | D        | Found a glowing golden altar of the Shining One.
   181 | D        | Found a snail-covered altar of Cheibriados.
   181 | D        | Found a sacrificial altar of Ru.
   181 | D        | Found a glowing silver altar of Zin.
   181 | D        | Found a shadowy altar of Dithmenos.
   181 | D        | Found a white marble altar of Elyvilon.
   181 | D        | Noticed a yak
   189 | D        | Killed a yak
   190 | D        | Reached skill level 9 in Unarmed Combat
   190 | D        | Found an opulent altar of Gozag.
   195 | D        | Found a sparkling altar of Nemelex Xobeh.
   212 | D        | Found a burning altar of Makhleb.
   212 | D        | Found a viscous altar of Jiyva.
   212 | D        | Found a shimmering altar of Xom.
   212 | D        | Found a corrupted altar of Lugonu.
   212 | D        | Noticed a slime creature
   218 | D        | Killed a slime creature
   218 | D        | Reached *** piety under Trog
   219 | D        | Reached skill level 10 in Unarmed Combat
   219 | D        | Reached XP level 7. HP: 25/79 MP: 6/6
   272 | D        | Noticed a kobold demonologist
   272 | D        | Noticed a kobold demonologist
   275 | D        | Killed a kobold demonologist
   276 | D        | Reached skill level 11 in Unarmed Combat
   278 | D        | Paralysed by a floating eye for 2 turns
   282 | D        | Noticed a neqoxec
   288 | D        | Gained mutation: You occasionally shout uncontrollably at
                  | your foes. [a neqoxec]
   288 | D        | Paralysed by a floating eye for 4 turns
   293 | D        | Killed a kobold demonologist
   294 | D        | Reached skill level 12 in Unarmed Combat
   294 | D        | Reached XP level 8. HP: 48/89 MP: 7/7
   295 | D        | Reached **** piety under Trog
   345 | D        | Noticed Sonja
   349 | D        | Killed Sonja
   350 | D        | Reached skill level 13 in Unarmed Combat
   412 | D        | Noticed a deep troll
   416 | D        | Killed a deep troll
   417 | D        | Reached skill level 10 in Dodging
   417 | D        | Reached skill level 14 in Unarmed Combat
   417 | D        | Reached XP level 9. HP: 79/101 MP: 8/8
   427 | D        | Found Piok's Armour Emporium.
   452 | D        | Noticed a centaur warrior
   464 | D        | Found Siyfirux's Distillery.
   473 | D        | Noticed a shining eye
   473 | D        | Noticed a shining eye
   473 | D        | Noticed a shining eye
   474 | D        | Paralysed by a floating eye for 2 turns
   481 | D        | Killed a shining eye
   481 | D        | Noticed a shining eye
   482 | D        | Reached skill level 10 in Fighting
   482 | D        | Noticed a shining eye
   484 | D        | Killed a shining eye
   485 | D        | Reached skill level 15 in Unarmed Combat
   486 | D        | Killed a shining eye
   486 | D        | Gained mutation: Your spells are a little easier to cast,
                  | but a little less powerful. [a shining eye]
   487 | D        | Gained mutation: Armour fits poorly on your strangely
                  | shaped body. [a shining eye]
   488 | D        | Killed a shining eye
   488 | D        | Reached ***** piety under Trog
   489 | D        | Reached XP level 10. HP: 111/111 MP: 9/9
   489 | D        | Gained mutation: Your spells are easier to cast, but less
                  | powerful. [a shining eye]
   490 | D        | Killed a shining eye
   491 | D        | Reached skill level 16 in Unarmed Combat
   491 | D        | Noticed a shining eye
   491 | D        | Gained mutation: You are strong-willed. (Will+) [a shining
                  | eye]
   492 | D        | Paralysed by a floating eye for 2 turns
   500 | D        | Lost mutation: Armour fits poorly on your strangely shaped
                  | body. [a shining eye]
   503 | D        | Noticed a shining eye
   504 | D        | Killed a shining eye
   508 | D        | Killed a shining eye
   510 | D        | Noticed a shining eye
   510 | D        | Gained mutation: You sometimes lose your temper in combat.
                  | [a shining eye]
   520 | D        | Killed a shining eye
   521 | D        | Reached skill level 17 in Unarmed Combat
   526 | D        | Found Tacrooh's Assorted Antiques.
   526 | D        | Found Heeppaeg's Book Shop.
   526 | D        | Found Poce Tasume's Antique Weapon Emporium.
   526 | D        | Found Welemuef's Weapon Boutique.
   588 | D        | Killed a centaur warrior
   592 | D        | Killed a centaur warrior
   592 | D        | Received a gift from Trog
   693 | D        | Noticed an oklob plant
   701 | D        | Killed an oklob plant
   702 | D        | Reached skill level 18 in Unarmed Combat
   747 | D        | Reached XP level 11. HP: 84/123 MP: 10/10
   841 | D        | Reached ****** piety under Trog
   878 | D        | Received a gift from Trog
   901 | D        | Received a gift from Trog
   901 | D        | Paralysed by a floating eye for 3 turns
   951 | D        | Found Ogeal's Book Shoppe.
   951 | D        | Found Qafad's Armour Shop.
   951 | D        | Found Ysorucs's Jewellery Boutique.
   953 | D        | Found Bezez's Armour Emporium.
   953 | D        | Found Zylyqyd's Assorted Antiques.
   953 | D        | Found Umya's Jewellery Shoppe.
   953 | D        | Found Roniasea's Book Boutique.
   953 | D        | Found Zyke's Weapon Emporium.
   953 | D        | Found Taotetur's General Store.
   953 | D        | Found Taaqein's Weapon Shoppe.
   957 | D        | Found Kaqis's Assorted Antiques.
   958 | D        | Found Vunnytan's Assorted Antiques.
   958 | D        | Found Yrghiuqe's Armour Boutique.
   959 | D        | Found Jyg Tap's Antique Weapon Emporium.
   981 | D        | Bought a cloak for 94 gold pieces
   983 | D        | Bought an amulet of regeneration for 360 gold pieces
  1031 | D        | Received a gift from Trog
  1032 | D        | Reached skill level 19 in Unarmed Combat
  1043 | D        | Reached skill level 1 in Armour
  1271 | D        | Killed a lorocyproca
  1343 | D        | Noticed a lindwurm
  1347 | D        | Killed a lindwurm
  1347 | D        | Received a gift from Trog
  1363 | D        | Reached skill level 20 in Unarmed Combat
  1376 | D        | Received a gift from Trog
  1528 | D        | Noticed a 12-headed hydra
  1530 | D        | Paralysed by a floating eye for 2 turns
  1532 | D        | HP: 6/124 [14-headed hydra (3)]
  1532 | D        | Mangled by a 14-headed hydra

Illustrated notes

Levels and vault maps discovered:
D:        dungeon_sprint_1 [red_sonja_temple_1, red_sonja_temple_small_1]

Skill      XL: |  1  2  3  4  5  6  7  8  9 10 11 |
---------------+----------------------------------+-----
Fighting       | 3 5 6 7 8 9 10 11 12 | 12.5
Dodging        | 3 4 6 7 8 10 11 12 13 | 13.3
Unarmed Combat | 4 6 8 10 12 14 15 18 20 | 20.5
Armour         | 4 |  4.0
Stealth        | |  0.8

Action                     |  1- 3 |  4- 6 |  7- 9 | 10-12 || total
---------------------------+-------+-------+-------+-------++-------
  Melee: Unarmed           |     7 |    22 |    18 |   113 ||   160
         Punch             |       |     1 |     2 |    11 ||    14
 Invoke: Berserk           |     2 |       |       |       ||     2
         Brothers in Arms  |       |       |     2 |       ||     2
 Armour: Animal skin       |       |     1 |     5 |    10 ||    16
         Quicksilver drago |       |       |       |    29 ||    29
  Dodge: Dodged            |     2 |     6 |     4 |    54 ||    66

Table legend: (Time is in decaauts)
 A = Elapsed time spent in this place.
 B = Non-inter-level travel time spent in this place.
 C = Inter-level travel time spent in this place.
 D = Time resting spent in this place.
 E = Time spent auto-exploring this place.
 F = Levels seen in this place.
 G = Mean time per level.
                   A        B        C        D        E       F      G
               +--------+--------+--------+--------+--------+-----+--------+
         Total |   1534 |   1473 |     61 |    455 |    172 |   1 | 1534.0 |
       Dungeon |   1534 |   1473 |     61 |    455 |    172 |   1 | 1534.0 |
               +--------+--------+--------+--------+--------+-----+--------+

Top non-repeatable levels by time:
       D: 1534 daAuts
